 Dungeon Crawl Stone Soup version 0.29-a0-330-g52719c12eb (webtiles) character file.

Game seed: 16737257744359028609

8033 Miritol the Quickloader (level 11, -2/51 HPs)
             Began as a Tengu Hunter on May 8, 2022.
             Was an Elder of Hepliaklqana.
             Slain by Snorg (25 damage)
             ... on level 10 of the Dungeon.
             The game lasted 00:27:12 (8535 turns).

Miritol the Quickloader (Tengu Hunter)              Turns: 8535, Time: 00:27:13

Health: -2/51      AC: 10    Str: 16    XL:     11   Next: 24%
Magic:  12/12      EV: 14    Int: 10    God:    Hepliaklqana [****..]
Gold:   263        SH:  0    Dex: 19    Spells: 10/10 levels left

rFire   . . .      SeeInvis .   A - +0 arbalest
rCold   + . .      Faith    .   (shield currently unavailable)
rNeg    . . .      Spirit   .   B - +0 scale mail "Cavoar" {-Cast rC+ Will+ Dex+2}
rPois   +          Reflect  .   (helmet restricted)
rElec   .          Harm     .   C - +0 cloak
rCorr   .          Rampage  .   (no gloves)
Will    +....      NoCast   +   (boots unavailable)
Stlth   +.........              q - amulet of regeneration
HPRegen 0.97/turn               y - ring of poison resistance
MPRegen 0.13/turn               (no ring)

@: flying quickly and evasively, quick
A: reduced essence, beak, talons 3, nimble flight
a: Renounce Religion, Recall Ancestor, Ancestor Identity, Transference, Idealise


You were on level 10 of the Dungeon.
You worshipped Hepliaklqana.
Hepliaklqana was greatly pleased with you.
You visited 1 branch of the dungeon, and saw 10 of its levels.
You also visited: Bailey.

You collected 527 gold pieces.
You spent 261 gold pieces at shops.
You donated 3 gold pieces to Zin.

Inventory:

Hand Weapons
 a - a +2 hand crossbow
 b - a +1 vorpal spear
 v - a +0 dagger of venom
 A - a +0 arbalest (weapon)
Missiles
 j - 14 poisoned darts
 o - 2 curare-tipped darts
Armour
 B - the +0 scale mail "Cavoar" (worn) {-Cast rC+ Will+ Dex+2}
   (You found it on level 8 of the Dungeon)

   Dex:       It affects your dexterity (+2).
   rC:        It protects you from cold.
   -Cast:     It prevents spellcasting.
   Will:      It increases your willpower.
 C - a +0 cloak (worn)
Jewellery
 q - an amulet of regeneration (around neck)
 u - a ring of magical power
 y - a ring of poison resistance (left hand)
Wands
 t - a wand of flame (40)
Scrolls
 c - 4 scrolls of immolation
 d - 2 scrolls of silence
 e - 2 scrolls of blinking
 f - a scroll of teleportation
 h - 3 scrolls of magic mapping
 l - 3 scrolls of enchant armour
 n - 2 scrolls of fog
 w - 2 scrolls of fear
 z - a scroll of summoning {unknown}
Potions
 g - 3 potions of mutation
 i - a potion of degeneration {unknown}
 k - 5 potions of curing
 m - a potion of invisibility {unknown}
 p - 5 potions of brilliance
 r - a potion of heal wounds
 s - 2 potions of might {unknown}
 x - a potion of lignification {unknown}
 D - a potion of resistance {unknown}


   Skills:
 - Level 2.0 Fighting
 * Level 13.8 Crossbows
 + Level 12.4 Armour
 + Level 4.7 Dodging
 - Level 1.0 Stealth


You had 10 spell levels left.
You didn't know any spells.
Your spell library contained the following spells:

 Spells                   Type           Power      Damage    Failure   Level
 Freeze                   Ice            0%         1d3       69%         1
 Magic Dart               Conj           0%         1d3       69%         1
 Shock                    Conj/Air       0%         1d3       69%         1
 Slow                     Hex            0%         N/A       69%         1
 Corpse Rot               Necr/Air       0%         N/A       83%         2
 Poisonous Vapours        Pois/Air       0%         N/A       83%         2
 Searing Ray              Conj           0%         2d4       83%         2
 Confusing Touch          Hex            0%         N/A       96%         3
 Frozen Ramparts          Ice            0%         1d2       96%         3
 Gell's Gravitas          Tloc           0%         N/A       96%         3
 Lesser Beckoning         Tloc           0%         N/A       96%         3
 Swiftness                Air            0%         N/A       96%         3
 Teleport Other           Tloc           0%         N/A       96%         3
 Vampiric Draining        Necr           0%         2d6       96%         3
 Airstrike                Air            0%         N/A       100%        4
 Fulminant Prism          Conj/Hex       0%         3d6       100%        4
 Hailstorm                Conj/Ice       0%         3d3       100%        4


Dungeon Overview and Level Annotations

Branches:
Dungeon (10/15)            Temple (0/1) D:5            Lair (0/6) D:10
    Orc (0/2) D:9          Bailey (visited)

Altars:
Ashenzari
Elyvilon
Hepliaklqana
Makhleb
Okawaru
Trog
Wu Jian
Xom
Zin
The Shining One

Shops:
D:6 *   D:7 ?   D:9 [

Annotations:
D:2 Sigmund
D:10 Snorg


Innate Abilities, Weirdness & Mutations

Your life essence is reduced to manifest your ancestor. (-10% HP)
You have a beak for a mouth.
You have claws for feet.
Your magical nature lets you fly swiftly and evasively.


Message History

Found a potion of flight.
There is an open door here.
You see here a scroll of vulnerability.
m - a green potion
z - a scroll labelled VUAMPUEGOMP You swap places.
You see here a scroll of vulnerability.
There is an open door here.
There is an open door here.
You reach down and open the door.
There is an open door here.
You reach down and open the door.
There is an open door here.
Snorg the Insatiable comes into view.
Snorg shouts!
Snorg goes berserk!
You swap places.
Snorg bites Shiptu!!
Snorg claws Shiptu but does no damage.
Shiptu blocks Snorg's attack.
Shiptu barely misses Snorg.
Shiptu blocks Snorg's attack.
Snorg claws Shiptu.
Snorg barely misses Shiptu.
Shiptu hits Snorg with a +0 flail!
Snorg barely misses Shiptu.
Snorg claws Shiptu!
Shiptu is destroyed!
You hear a shout!
You hear a shout!
There is an open door here.
You reach down and close the door.
Snorg breaks down the door.
Snorg attacks as you move away! Snorg closely misses you. Snorg claws you!
Snorg closely misses you.
There is an open door here.
Snorg attacks as you move away! Snorg closely misses you.
Snorg barely misses you. Snorg claws you. Snorg bites you.
Snorg closely misses you. Snorg barely misses you.
Snorg attacks as you move away! Snorg bites you! Snorg closely misses you.
Snorg claws you. Snorg closely misses you. Snorg claws you. Snorg misses you.
There is a stone staircase leading up here.
Okay, then.
Snorg bites you!!
You die...

.....†...# #.# #.........
.........# #.# ####.#####
#####.#### ###.# #...##
####..#### #...# ###..#
.........# #.### ####.##
.........#### ###.#### #.....#
.........'..# #......# #.....#
.........##.###......######.....#
.........##..<.T@.........#.....#
.........######......####.......#
.........# ##.##### ####......
#######'## #.## #.R.R....# ##.#
####..######.#####.## #..#
#......R.....# #.# ####.##
#....###.....# #.# #....#
#.#...≈...#..# #.# #T####
##..#...#..### #.#


You could see Snorg (berserk).

Vanquished Creatures
  Grinder (D:5)
  Prince Ribbit (D:5)
  A wyvern (D:9)
  4 yaks
  A steam dragon (D:8)
  2 wargs (D:9)
  2 water moccasins
  An orc warrior (D:6)
  An ice beast (D:6)
  A black bear (D:4)
  An ogre (D:4)
  3 centaurs (D:9)
  A kobold brigand (D:7)
  2 bullfrogs
  A necrophage (D:8)
  3 scorpions (D:5)
  A killer bee (D:7)
  3 orc priests
  A gnoll shaman (D:5)
  2 hounds
  Terence (D:2)
  An iguana (D:4)
  8 orc wizards
  Robin (D:2)
  11 gnolls
  5 adders
  A white imp (D:6)
  3 ufetubi
  A worm (D:1)
  3 dart slugs
  23 orcs
  4 bats
  5 endoplasms
  4 giant cockroaches
  6 hobgoblins
  3 jackals (D:1)
  3 quokkas
  14 ball pythons
  4 frilled lizards
  16 goblins
  28 kobolds
  6 rats
184 creatures vanquished.

Vanquished Creatures (collateral kills)
  Erica (D:8)
  A deep elf pyromancer (D:9)
  A hornet (D:8)
  7 yaks
  Eustachio (D:4)
  A wyvern (D:8)
  Menkaure (D:7)
  2 wargs (D:9)
  3 water moccasins
  An ice beast (D:8)
  2 orc warriors (Bailey)
  An ogre (D:7)
  2 bullfrogs
  3 kobold brigands
  2 necrophages
  A scorpion (D:6)
  2 killer bees (D:7)
  2 howler monkeys (D:7)
  A hound (D:7)
  An orc priest (D:8)
  2 gnoll shamans
  6 orc wizards
  6 gnolls
  An adder (D:2)
  A white imp (D:5)
  7 orcs
  An endoplasm (D:4)
  A giant cockroach (D:4)
  4 goblins
  A hobgoblin (Bailey)
  4 kobolds
70 creatures vanquished.

Vanquished Creatures (others)
  3 knights
  4 ancestors
  3 fungi (D:1)
  A plant (D:10)
11 creatures vanquished.

Grand Total: 265 creatures vanquished

Notes
Turn   | Place    | Note
-------+----------+-------------------------------------------
     0 | D:1      | Miritol the Tengu Hunter began the quest for the Orb.
     0 | D:1      | Reached XP level 1. HP: 12/12 MP: 2/2
   271 | D:1      | Reached skill level 1 in Armour
   272 | D:1      | Reached XP level 2. HP: 17/17 MP: 3/3
   636 | D:1      | Reached XP level 3. HP: 21/21 MP: 4/4
   684 | D:1      | Reached skill level 5 in Crossbows
  1111 | D:1      | Found a faded altar of an unknown god.
  1121 | D:1      | Prayed at the altar of an unknown god.
  1121 | D:1      | Became a worshipper of Zin the Law-Giver
  1121 | D:1      | Reached * piety under Zin
  1122 | D:1      | Fell from the grace of Zin
  1392 | D:2      | Noticed Sigmund
  1550 | D:2      | Found a hazy altar of Hepliaklqana.
  1558 | D:2      | Became a worshipper of Hepliaklqana the Forgotten
  1631 | D:2      | Reached XP level 4. HP: 25/26 MP: 5/5
  1999 | D:3      | Gained mutation: Your magical nature lets you fly swiftly
                  | and evasively. [Tengu growth]
  1999 | D:3      | Reached XP level 5. HP: 17/30 MP: 6/6
  2226 | D:3      | Identified the +1 robe of the Gastropod {Harm *Corrode
                  | Will- Str+8}
  2462 | D:3      | Reached skill level 6 in Crossbows
  2581 | D:4      | Noticed an ogre
  2581 | D:4      | Reached * piety under Hepliaklqana
  2750 | D:4      | Noticed a water moccasin
  2762 | D:4      | Killed a water moccasin
  2763 | D:4      | Reached XP level 6. HP: 21/31 MP: 7/7
  2993 | D:4      | Noticed a black bear
  3038 | D:4      | Killed a black bear
  3039 | D:4      | Reached skill level 7 in Crossbows
  3039 | D:4      | Reached skill level 5 in Armour
  3039 | D:4      | Reached XP level 7. HP: 36/36 MP: 8/8
  3075 | D:4      | Noticed Eustachio
  3084 | D:4      | Killed Eustachio
  3821 | D:2      | Noticed Robin
  3828 | D:2      | Killed Robin
  3858 | D:2      | Noticed Terence
  3868 | D:2      | Killed Terence
  4201 | D:5      | Entered Level 5 of the Dungeon
  4233 | D:5      | Noticed Grinder
  4247 | D:5      | Killed Grinder
  4248 | D:5      | Reached skill level 8 in Crossbows
  4248 | D:5      | Reached XP level 8. HP: 39/39 MP: 9/9
  4348 | D:5      | Noticed Prince Ribbit
  4357 | D:5      | Killed Prince Ribbit
  4531 | D:5      | Reached skill level 9 in Crossbows
  4788 | D:5      | Found a staircase to the Ecumenical Temple.
  4794 | D:5      | Reached ** piety under Hepliaklqana
  4795 | D:5      | Remembered your ancestor Shiptu as a knight
  5332 | D:6      | Reached XP level 9. HP: 43/43 MP: 10/10
  5363 | D:6      | Reached skill level 10 in Crossbows
  5515 | D:6      | Found an iron altar of Okawaru.
  5515 | D:6      | Found a white marble altar of Elyvilon.
  5533 | D:6      | Found a glowing golden altar of the Shining One.
  5540 | D:6      | Found a burning altar of Makhleb.
  5549 | D:6      | Found an ornate altar of the Wu Jian Council.
  5551 | D:6      | Found a broken altar of Ashenzari.
  5690 | D:6      | Found Jimees's General Store.
  5718 | D:6      | Bought a scroll of magic mapping for 42 gold pieces
  5718 | D:6      | Bought a scroll of identify for 24 gold pieces
  5718 | D:6      | Bought a scroll of blinking for 90 gold pieces
  5730 | D:6      | Found a bloodstained altar of Trog.
  6020 | D:7      | Found a flagged portal.
  6031 | Bailey   | Entered a bailey
  6099 | Bailey   | Noticed an orc knight
  6168 | D:7      | Noticed Menkaure
  6173 | D:7      | Killed Menkaure
  6199 | D:7      | Reached skill level 11 in Crossbows
  6212 | D:7      | Reached skill level 10 in Armour
  6364 | D:7      | Reached XP level 10. HP: 47/47 MP: 11/11
  6467 | D:7      | Found Zocy's Magic Scroll Shoppe.
  6470 | D:7      | Bought a scroll of fear for 49 gold pieces
  6470 | D:7      | Bought a scroll of identify for 28 gold pieces
  6470 | D:7      | Bought a scroll of identify for 28 gold pieces
  6514 | D:7      | Reached *** piety under Hepliaklqana
  6633 | D:8      | Noticed an angel
  6633 | D:8      | Found a shimmering altar of Xom.
  6633 | D:8      | Found a glowing silver altar of Zin.
  7040 | D:8      | Noticed Erica
  7047 | D:8      | Killed Erica
  7048 | D:8      | Reached skill level 12 in Crossbows
  7240 | D:8      | Identified the +0 scale mail "Cavoar" {-Cast rC+ Will+
                  | Dex+2}
  7465 | D:9      | Noticed a deep elf pyromancer
  7477 | D:9      | Killed a deep elf pyromancer
  7478 | D:9      | Reached skill level 13 in Crossbows
  7540 | D:9      | Found Maollask's Armour Shoppe.
  7694 | D:9      | Reached XP level 11. HP: 51/51 MP: 12/12
  7698 | D:9      | Found a staircase to the Orcish Mines.
  7771 | D:9      | Reached **** piety under Hepliaklqana
  8128 | D:10     | Entered Level 10 of the Dungeon
  8237 | D:10     | Found a staircase to the Lair.
  8517 | D:10     | Noticed Snorg
  8535 | D:10     | Slain by Snorg

Illustrated notes

Levels and vault maps discovered:
D:1:      dpeg_arrival_more_subterranean_lakeside_camping, layout_loops_ring,
          shapermc_ecumenical_altar_petra
D:2:      layout_basic, basic_altar, minmay_misc_feat_room, grunt_ministairs_6,
          uniq_terence, uniq_sigmund, uniq_robin
D:3:      layout_rooms
D:4:      layout_cave_pools, serial_glass, glass_columns_c, glass_columns_c,
          uniq_eustachio
D:5:      layout_basic, minmay_temple_entry_butterflies, uniq_grinder,
          uniq_prince_ribbit1
D:6:      layout_basic, minitemple, kennysheep_little_box, serial_shops,
          nicolae_shop_window_shopping
D:7:      layout_rooms, enter_bailey_3, serial_shops, nicolae_shop_behind_doors,
          uniq_menkaure
D:8:      layout_basic, grunt_temple_overflow_order_and_chaos_1, uniq_erica
D:9:      layout_loops_ring, minmay_orc_entry_guard_dogs, serial_shops,
          nicolae_shop_stone
D:10:     layout_roguey [special_room_bee], dpeg_oklobed_lair,
          minmay_variable_closet, hellmonk_guarded_unrand_dark_maul, uniq_snorg

Skill      XL: |  1  2  3  4  5  6  7  8  9 10 11 |
---------------+----------------------------------+-----
Armour         | 1 2 3 4 5 6 8 10 12 | 12.4
Crossbows      | 5 6 7 8 9 11 13 | 13.8
Dodging        | 3 4 |  4.7
Fighting       | |  2.0
Stealth        | |  1.0

Action                   |  1- 3 |  4- 6 |  7- 9 | 10-12 || total
-------------------------+-------+-------+-------+-------++-------
Melee: Hand crossbow     |     1 |     2 |       |       ||     3
       Kick              |     1 |       |     3 |       ||     4
       Peck              |     1 |       |     1 |       ||     2
       Spear             |       |       |     7 |       ||     7
 Fire: Hand crossbow     |   111 |   143 |   359 |    34 ||   647
       Arbalest          |       |       |       |   138 ||   138
Throw: Throwing net      |       |       |     1 |       ||     1
Invok: Renounce Religion |     1 |       |       |       ||     1
       Recall Ancestor   |       |     1 |     9 |     1 ||    11
       Ancestor Life: Kn |       |       |     1 |       ||     1
Evoke: Wand              |       |       |     2 |       ||     2
  Use: Potion            |       |     1 |       |       ||     1
       Scroll            |       |       |    11 |     4 ||    15
Armor: Leather armour    |     4 |       |       |       ||     4
       Scale mail        |     7 |    39 |     8 |     6 ||    60
       Ring mail         |       |       |    21 |     6 ||    27
Dodge: Dodged            |    25 |    56 |    70 |    38 ||   189

Table legend: (Time is in decaauts)
 A = Elapsed time spent in this place.
 B = Non-inter-level travel time spent in this place.
 C = Inter-level travel time spent in this place.
 D = Time resting spent in this place.
 E = Time spent auto-exploring this place.
 F = Levels seen in this place.
 G = Mean time per level.
                   A        B        C        D        E       F      G
               +--------+--------+--------+--------+--------+-----+--------+
         Total |   8269 |   7630 |    639 |    715 |   4931 |  11 |  751.7 |
       Dungeon |   8172 |   7533 |    639 |    715 |   4902 |  10 |  817.2 |
        Bailey |     96 |     96 |      0 |      0 |     29 |   1 |   96.0 |
               +--------+--------+--------+--------+--------+-----+--------+

Top non-repeatable levels by time:
     D:1: 1506 daAuts
     D:5: 993 daAuts
     D:4: 988 daAuts
     D:2: 945 daAuts
     D:3: 787 daAuts
     D:9: 733 daAuts
     D:8: 672 daAuts
     D:6: 663 daAuts
     D:7: 503 daAuts
    D:10: 378 daAuts
  Bailey: 96 daAuts
